 Dungeon Sprint DCSS version 0.26.1-11-gd32895ea62 (webtiles) character file.

Game seed: 3086735816896108534

49708 fozzywoppz the Sensei (level 14, -5/126 HPs)
             Began as a Demonspawn Monk on May 13, 2021.
             Was an Elder of Makhleb.
             Slain by a fire giant
             ... wielding a +2 great sword of flaming
              (23 damage)
             ... in the Dungeon (Sprint IX: "|||||||||||||||||||||||||||||") on May 14, 2021.
             The game lasted 00:19:24 (5712 turns).

fozzywoppz the Sensei (Demonspawn Monk)             Turns: 5712, Time: 00:19:24

Health: -5/126     AC: 12    Str: 11    XL:     14   Next: 17%
Magic:  23/23      EV: 32    Int: 15    God:    Makhleb [****..]
Gold:   1590       SH:  9    Dex: 29    Spells: 13/13 levels left

rFire    . . .     SeeInvis .     - Unarmed
rCold    . . .     Faith    .   H - +2 buckler
rNeg     . . .     Spirit   .   F - +2 leather armour of the Pits of Slime {-Cast Dex+8}
rPois    .         Reflect  .   z - +0 helmet
rElec    .         Harm     .   o - +0 cloak
rCorr    .         Rampage  .   m - +0 pair of gloves
Will     +....     NoTele   +   (boots unavailable) Stlth ++........NoCast +
                                (no amulet)
HPRegen  0.31/turn              k - +2 ring of protection
MPRegen  0.18/turn              l - +3 ring of intelligence

@: no status effects
A: hooves 3, demonic guardian 1, spiny 2, sturdy frame 2
a: Renounce Religion, Minor Destruction, Lesser Servant of Makhleb, Major
Destruction


You were in the Dungeon.
You worshipped Makhleb.
Makhleb was greatly pleased with you.
You visited 1 branch You collected 1910 gold pieces.
You spent 320 gold pieces at shops.

Inventory:

Hand Weapons
 I - a +1 short sword of electrocution
Missiles
 j - 6 silver javelins
 p - 5 curare-tipped darts (quivered)
 w - 6 javelins
Armour
 m - a +0 pair of gloves (worn)
 n - a +1 chain mail
 o - a +0 cloak (worn)
 u - the +7 chain mail of the Distant Future {Int+4}
   (Okawaru gifted it to you in the Dungeon)

   It affects your intelligence (+4).
 z - a +0 helmet (worn)
 F - the +2 leather armour of the Pits of Slime (worn) {-Cast Dex+8}
   (You found it in the Dungeon)

   It affects your dexterity (+8).
   It prevents spellcasting.
 H - a +2 buckler (worn)
Jewellery
 k - a +2 ring of protection (left hand)
 l - a +3 ring of intelligence (right hand)
 B - an uncursed ring of willpower
 C - an uncursed ring of fire
 D - an uncursed ring of protection from fire
 E - an uncursed ring of protection from fire
Wands
 x - a wand of digging (6)
Scrolls
 h - 5 scrolls of remove curse
 i - 3 scrolls of amnesia
 t - 2 scrolls of enchant armour
 v - 2 scrolls of enchant weapon
 y - 5 scrolls of identify
 A - a scroll of magic mapping
Potions
 a - a potion of degeneration {unknown}
 b - a potion of invisibility
 c - 7 potions of heal wounds
 d - a potion of haste
 e - 4 potions of magic
 f - 2 potions of curing
 q - a potion of resistance
 r - a potion of might
 s - a potion of mutation
 G - a potion of brilliance
 J - a potion of attraction {unknown}


   Skills:
 + Level 16.6 Fighting
 + Level 9.8 Throwing
 - Level 10.0 Armour
 + Level 17.2 Dodging
 - Level 2.0 Stealth
 - Level 4.0 Shields
 + Level 21.5 Unarmed Combat
 - Level 12.0 Invocations


You had 13 spell levels left.
You didn't know any spells.
Your spell library was empty.

Dungeon Overview and Level Annotations

Branches:
Dungeon (1/1)

Altars:
Cheibriados
Dithmenos
Elyvilon
Fedhas
Gozag
Hepliaklqana
Kikubaaqudgha
Makhleb
Nemelex Xobeh
Okawaru
Qazlal
Ru
Sif Muna
Trog
Uskayaw
Vehumet
Wu Jian
Xom
Yredelemnul
Zin
The Shining One
Beogh
Jiyva
Lugonu

Shops:
D *[**


Innate Abilities, Weirdness & Mutations

You have hooves in place of feet.
A weak demonic guardian rushes to your aid.
You are mostly covered in sharp spines.
Your movements are less encumbered by armour. (ER -4)


Message History

The fire giant points at you and mumbles some strange words.
The bolt of fire misses you.
You punch the fire giant!
The fire giant is moderately wounded.
The fire giant hits you with a +2 great sword of flaming!
* * * LOW HITPOINT WARNING * * *
The fire giant burns you.
* * * LOW HITPOINT WARNING * * *
You feel much better.
The fire giant gestures at you while chanting.
The fireball explodes!
The fireball engulfs you!!
* * * LOW HITPOINT WARNING * * *
The fireball engulfs the fire giant.
The fire giant resists.
You punch the fire giant!
The fire giant is heavily wounded.
You pummel the fire giant!! You kick the fire giant.
The fire giant is almost dead.
The fire giant is struck by your spines.
The fire giant hits you with a +2 great sword of flaming!!
You die...

▓▓▓▓▓▓▓▓▓▓▓▓▓▓▓▓▓▓▓▓▓▓▓▓▓
....CcyC@5.......†').)..)
▓▓▓▓▓▓▓▓▓▓▓▓▓▓▓▓▓▓▓▓▓▓▓▓▓▓▓▓▓▓▓▓▓
................................)
▓▓▓▓▓▓▓▓▓▓▓▓▓▓▓▓▓▓▓▓▓▓▓▓▓▓▓▓▓▓▓▓▓
.....))('.........')...))...'....
▓▓▓▓▓▓▓▓▓▓▓▓▓▓▓▓▓▓▓▓▓▓▓▓▓▓▓▓▓▓▓▓▓
.................................
▓▓▓▓▓▓▓▓▓▓▓▓▓▓▓▓▓▓▓▓▓▓▓▓▓▓▓▓▓▓▓▓▓
('..........[[[[.[[[.))))))))....


You could see a fire giant, an ettin, a spark wasp, a yaktaur and a friendly
quasit (summoned).

Vanquished Creatures
  A lich (D)
  A sphinx (D)
  Donald (D)
  A frost giant (D)
  A very ugly thing (D)
  A stone giant (D)
  An entropy weaver (D)
  A bunyip (D)
  2 eleionomae (D)
  A fire dragon (D)
  A merfolk impaler (D)
  A yaktaur captain (D)
  2 rakshasas (D)
  2 hydras (D)
  A great orb of eyes (D)
  A spriggan air mage (D)
  2 merfolk avatars (D)
  A merfolk aquamancer (D)
  2 two-headed ogres (D)
  A death knight (D)
  A deep troll earth mage (D)
  A deep troll shaman (D)
  8 orc high priests (D)
  Nergalle (D)
  A spriggan (D)
  Sonja (D)
  A salamander mystic (D)
  A naga sharpshooter (D)
  A hell knight (D)
  A sea snake (D)
  2 spriggan druids (D)
  A glowing orange brain (D)
  2 unseen horrors (D)
  2 necromancers (D)
  A harpy (D)
  A wolf spider (D)
  A manticore (D)
  An orb spider (D)
  A salamander (D)
  2 cyclopes (D)
  An ugly thing (D)
  Maurice (D)
  An elephant (D)
  A naga mage (D)
  A water nymph (D)
  3 guardian serpents (D)
  5 black mambas (D)
  2 cane toads (D)
  A gargoyle (D)
  Psyche (D)
  A yaktaur (D)
  A rime drake (D)
  A komodo dragon (D)
  A tengu conjurer (D)
  A troll (D)
  A jumping spider (D)
  2 tyrant leeches (D)
  A wind drake (D)
  2 hornets (D)
  3 blink frogs (D)
  A shadow (D)
  2 redbacks (D)
  A fire bat (shapeshifter) (D)
  2 yaks (D)
  2 tarantellas (D)
  A wyvern (D)
  2 vampire mosquitoes (D)
  3 water moccasins (D)
  A water moccasin (shapeshifter) (D)
  10 orc warriors (D)
  A phantom (D)
  2 centaurs (D)
  6 bullfrogs (D)
  A scorpion (D)
  A killer bee (D)
  A hound (D)
  A jelly (D)
  8 orc priests (D)
  3 orc wizards (D)
  2 worker ants (D)
  An adder zombie (D)
  10 orcs (D)
  A giant cockroach (D)
  2 hobgoblins (D)
  A quokka (D)
  A frilled lizard (D)
  A rat (D)
155 creatures vanquished.

Vanquished Creatures (collateral kills)
  A bullfrog (D)
1 creature vanquished.

Vanquished Creatures (others)
  A bloated husk (D)
1 creature vanquished.

Grand Total: 157 creatures vanquished

Notes
Turn   | Place    | Note
-------+----------+-------------------------------------------
     0 | D        | fozzywoppz the Demonspawn Monk began the quest for the Orb.
     0 | D        | Reached XP level 1. HP: 18/18 MP: 1/1
    30 | D        | Reached skill level 3 in Unarmed Combat
   304 | D        | Noticed a phantom
   304 | D        | Noticed a scorpion
   320 | D        | Gained mutation: You have large cloven feet. [demonic
                  | ancestry]
   320 | D        | Reached XP level 2. HP: 20/25 MP: 2/2
   333 | D        | Killed a scorpion
   334 | D        | Reached skill level 5 in Dodging
   334 | D        | Reached skill level 5 in Unarmed Combat
   334 | D        | Gained mutation: You are partially covered in sharp spines.
                  | [demonic ancestry]
   334 | D        | Reached XP level 3. HP: 12/30 MP: 3/3
   359 | D        | Killed a phantom
   360 | D        | Reached skill level 6 in Unarmed Combat
   360 | D        | Reached XP level 4. HP: 19/37 MP: 4/4
   360 | D        | Gained mutation: A weak demonic guardian rushes to your
                  | aid. [demonic ancestry]
   360 | D        | Reached XP level 5. HP: 22/42 MP: 5/5
   366 | D        | Found a roughly hewn altar of Beogh.
   366 | D        | Found a snail-covered altar of Cheibriados.
   366 | D        | Found a shadowy altar of Dithmenos.
   366 | D        | Found a white marble altar of Elyvilon.
   366 | D        | Found a blossoming altar of Fedhas.
   366 | D        | Found an opulent altar of Gozag.
   367 | D        | Found a hazy altar of Hepliaklqana.
   368 | D        | Found a viscous altar of Jiyva.
   369 | D        | Found an ancient bone altar of Kikubaaqudgha.
   370 | D        | Found a corrupted altar of Lugonu.
   371 | D        | Found a burning altar of Makhleb.
   372 | D        | Found a sparkling altar of Nemelex Xobeh.
   373 | D        | Found an iron altar of Okawaru.
   374 | D        | Found a stormy altar of Qazlal.
   375 | D        | Found a sacrificial altar of Ru.
   376 | D        | Found a shimmering blue altar of Sif Muna.
   377 | D        | Found a bloodstained altar of Trog.
   378 | D        | Found a hide-covered altar of Uskayaw.
   379 | D        | Found a radiant altar of Vehumet.
   380 | D        | Found an ornate altar of the Wu Jian Council.
   381 | D        | Found a shimmering altar of Xom.
   383 | D        | Became a worshipper of Warmaster Okawaru
   383 | D        | Reached * piety under Okawaru
   383 | D        | Reached ** piety under Okawaru
   385 | D        | Found a basalt altar of Yredelemnul.
   386 | D        | Found a glowing silver altar of Zin.
   387 | D        | Found a glowing golden altar of the Shining One.
   517 | D        | Noticed a two-headed ogre
   517 | D        | Noticed a centaur
   520 | D        | Reached skill level 7 in Unarmed Combat
   529 | D        | Killed a centaur
   530 | D        | Reached skill level 8 in Unarmed Combat
   530 | D        | Gained mutation: Your movements are slightly less
                  | encumbered by armour. (ER -2) [demonic ancestry]
   530 | D        | Reached XP level 6. HP: 41/48 MP: 3/6
   536 | D        | Reached skill level 9 in Unarmed Combat
   536 | D        | Killed a two-headed ogre
   536 | D        | Reached *** piety under Okawaru
   536 | D        | Reached **** piety under Okawaru
   537 | D        | Reached skill level 11 in Unarmed Combat
   537 | D        | Reached XP level 7. HP: 4/54 MP: 4/7
   819 | D        | Noticed a two-headed ogre
   819 | D        | Noticed a cyclops
   819 | D        | Noticed a shadow
   822 | D        | Reached XP level 8. HP: 41/60 MP: 5/8
   823 | D        | Reached skill level 12 in Unarmed Combat
   823 | D        | Killed a cyclops
   823 | D        | Reached ***** piety under Okawaru
   828 | D        | Killed a two-headed ogre
   829 | D        | Reached skill level 13 in Unarmed Combat
   829 | D        | Gained mutation: You are mostly covered in sharp spines.
                  | [demonic ancestry]
   829 | D        | Reached XP level 9. HP: 29/65 MP: 6/9
   877 | D        | Noticed Sonja
   895 | D        | Killed Sonja
   896 | D        | Reached skill level 14 in Unarmed Combat
  1074 | D        | Noticed a black mamba
  1074 | D        | Noticed an eight-headed hydra
  1081 | D        | Killed an eight-headed hydra
  1081 | D        | Received a gift from Okawaru
  1081 | D        | Received a gift from Okawaru
  1102 | D        | Killed a black mamba
  1102 | D        | Received a gift from Okawaru
  1103 | D        | Reached skill level 5 in Invocations
  1103 | D        | Gained mutation: You have hoof-like feet. [demonic
                  | ancestry]
  1103 | D        | Reached XP level 10. HP: 23/71 MP: 5/14
  1118 | D        | Noticed an elephant
  1127 | D        | Killed an elephant
  1132 | D        | Reached skill level 15 in Unarmed Combat
  1474 | D        | Noticed a black mamba
  1474 | D        | Noticed a black mamba
  1478 | D        | Killed a black mamba
  1479 | D        | Reached skill level 15 in Dodging
  1482 | D        | Killed a black mamba
  1486 | D        | Reached skill level 10 in Invocations
  1507 | D        | Received a gift from Okawaru
  1516 | D        | Reached skill level 16 in Unarmed Combat
  1666 | D        | Noticed a cane toad
  1668 | D        | Noticed a cane toad
  1676 | D        | Killed a cane toad
  1697 | D        | Killed a cane toad
  1698 | D        | Reached skill level 17 in Unarmed Combat
  1698 | D        | Gained mutation: Your movements are less encumbered by
                  | armour. (ER -4) [demonic ancestry]
  1698 | D        | Reached XP level 11. HP: 69/77 MP: 12/18
  1772 | D        | Noticed Psyche
  1779 | D        | Killed Psyche
  1779 | D        | Reached ****** piety under Okawaru
  1779 | D        | Received a gift from Okawaru
  1780 | D        | Reached skill level 1 in Armour
  2083 | D        | Reached skill level 5 in Fighting
  2208 | D        | Found Gughuyd's General Store.
  2208 | D        | Noticed an orc high priest
  2208 | D        | Noticed an orc high priest
  2208 | D        | Noticed an orc high priest
  2208 | D        | Noticed an orc high priest
  2209 | D        | Noticed an orc high priest
  2210 | D        | Noticed a soul eater
  2213 | D        | Killed an orc high priest
  2218 | D        | Killed an orc high priest
  2219 | D        | Found Ezxeil's General Store.
  2232 | D        | Killed an orc high priest
  2232 | D        | Received a gift from Okawaru
  2233 | D        | Got a bloodstained chain mail {god gift}
  2240 | D        | Killed an orc high priest
  2241 | D        | Reached skill level 5 in Armour
  2245 | D        | Killed an orc high priest
  2249 | D        | Found Toukeh's Antique Armour Boutique.
  2249 | D        | Found Todiut's General Store.
  2249 | D        | Noticed an orc high priest
  2264 | D        | Killed an orc high priest
  2267 | D        | Noticed an orc high priest
  2268 | D        | Noticed an orc high priest
  2281 | D        | Killed an orc high priest
  2282 | D        | Reached skill level 18 in Unarmed Combat
  2291 | D        | Killed an orc high priest
  2298 | D        | Bought a potion of heal wounds for 50 gold pieces
  2298 | D        | Bought 3 potions of heal wounds for 150 gold pieces
  2304 | D        | Bought a potion of haste for 120 gold pieces
  2329 | D        | Identified the +7 chain mail of the Distant Future {Int+4}
                  | (Okawaru gifted it to you in the Dungeon)
  2545 | D        | Noticed Maurice
  2558 | D        | Killed Maurice
  2653 | D        | Got the +2 leather armour of the Pits of Slime {-Cast
                  | Dex+8}
  2692 | D        | Noticed a cyan ugly thing
  2693 | D        | Noticed a death knight
  2700 | D        | Killed an unseen horror
  2701 | D        | Noticed a necromancer
  2707 | D        | Reached XP level 12. HP: 90/96 MP: 14/21
  2712 | D        | Noticed a stone giant
  2720 | D        | Noticed a fire dragon
  2723 | D        | Killed a death knight
  2724 | D        | Reached skill level 10 in Fighting
  2724 | D        | Noticed a frost giant
  2726 | D        | Noticed a deep troll earth mage
  2732 | D        | Killed a stone giant
  3054 | D        | Killed a fire dragon
  3055 | D        | Reached skill level 19 in Unarmed Combat
  3061 | D        | Killed a frost giant
  3061 | D        | Received a gift from Okawaru
  3062 | D        | Reached skill level 10 in Armour
  3062 | D        | Found the +5 robe of Night {Dark Will+ SInv}
  3069 | D        | Killed a deep troll earth mage
  3252 | D        | Noticed Nergalle
  3265 | D        | Killed Nergalle
  3266 | D        | Reached skill level 1 in Shields
  3332 | D        | Noticed a merfolk avatar
  3332 | D        | Noticed a merfolk aquamancer
  3332 | D        | Noticed a merfolk avatar
  3336 | D        | Noticed a merfolk impaler
  3343 | D        | Killed a merfolk avatar
  3367 | D        | Killed a merfolk impaler
  3374 | D        | Killed a merfolk avatar
  3381 | D        | Reached skill level 20 in Unarmed Combat
  3386 | D        | Killed a merfolk aquamancer
  3387 | D        | Reached XP level 13. HP: 56/112 MP: 18/22
  3582 | D        | Noticed an entropy weaver
  3595 | D        | Killed an entropy weaver
  3595 | D        | Received a gift from Okawaru
  3596 | D        | Reached skill level 1 in Throwing
  3918 | D        | Reached skill level 5 in Throwing
  3946 | D        | Noticed an eleionoma
  3954 | D        | Received a gift from Okawaru
  3962 | D        | Killed an eleionoma
  3967 | D        | Noticed a bunyip
  3972 | D        | Noticed an eleionoma
  3983 | D        | Killed an eleionoma
  3984 | D        | Reached skill level 15 in Fighting
  3996 | D        | Killed a bunyip
  4775 | D        | Fell from the grace of Okawaru
  4775 | D        | Became a worshipper of Makhleb the Destroyer
  5411 | D        | Noticed Donald
  5427 | D        | Killed Donald
  5523 | D        | Noticed a lich
  5523 | D        | Noticed a sphinx
  5523 | D        | Noticed a purple very ugly thing
  5532 | D        | Killed a purple very ugly thing
  5532 | D        | Reached * piety under Makhleb
  5533 | D        | Reached skill level 21 in Unarmed Combat
  5551 | D        | Killed a sphinx
  5551 | D        | Reached ** piety under Makhleb
  5574 | D        | Killed a lich
  5574 | D        | Paralysed by a great orb of eyes for 7 turns
  5575 | D        | Gained mutation: You have hooves in place of feet. [demonic
                  | ancestry]
  5575 | D        | Reached XP level 14. HP: 67/125 MP: 23/23
  5594 | D        | Reached *** piety under Makhleb
  5620 | D        | Reached **** piety under Makhleb
  5696 | D        | Noticed a fire giant
  5712 | D        | Slain by a fire giant

Illustrated notes

Levels and vault maps discovered:
D:        linesprint [early_d, line_temple, items_1, d_10, items_2, lair_1,
          lair_end, items_3, orc_1, orc_end, items_4, d_15, swamp_1, shoals_1,
          snake_1, spider_1, d_20, vaults_1, items_5, swamp_end, shoals_end,
          snake_end, spider_end, vaults_end, d_27, items_6, zot_1, zot_end,
          crypt_end, forest_end, elf_end, slime_end, tomb_end, abyss_end,
          pan_hell_end]

Skill      XL: |  1  2  3  4  5  6  7  8  9 10 11 12 13 14 |
---------------+-------------------------------------------+-----
Dodging        | 3 5 6 8 11 13 14 15 16 17 | 17.2
Stealth        | 2 |  2.0
Unarmed Combat | 3 5 6 8 11 13 14 17 18 20 21 | 21.5
Fighting       | 4 9 13 16 | 16.6
Invocations    | 5 10 12 | 12.0
Armour         | 8 10 | 10.0
Shields        | 4 |  4.0
Throwing       | 8 9 |  9.8

Action                   |  1- 3 |  4- 6 |  7- 9 | 10-12 | 13-15 || total
-------------------------+-------+-------+-------+-------+-------++-------
Melee: Unarmed           |    77 |    11 |    21 |   337 |   184 ||   630
       Punch             |     1 |     1 |     2 |    25 |       ||    29
       Kick              |     5 |     3 |     8 |   109 |    84 ||   209
Throw: Javelin           |       |       |       |     3 |    14 ||    17
       Dart              |       |       |       |       |     2 ||     2
Invok: Heroism           |       |     1 |     2 |    11 |     3 ||    17
       Finesse           |       |       |     1 |    10 |     3 ||    14
       Major Destruction |       |       |       |       |     4 ||     4
Evoke: Wand              |       |     4 |     6 |       |       ||    10
  Use: Potion            |     3 |       |     4 |     3 |     5 ||    15
       Scroll            |       |     1 |     1 |     2 |     1 ||     5
 Stab: Sleeping          |     1 |       |       |     1 |     1 ||     3
       Distracted        |       |       |       |       |     2 ||     2
Armor: Robe              |     7 |       |       |       |       ||     7
       Chain mail        |       |     3 |    22 |    25 |       ||    50
       Leather armour    |       |       |       |    12 |     5 ||    17
Dodge: Dodged            |    38 |     6 |    21 |   104 |    79 ||   248
Block: Buckler           |       |       |       |     7 |    24 ||    31
